AoeStats
← santrex.be

Black Forest

509471099Analyzed
3v3 RM · 4d ago on Sep 26, 2026· 65m 52s· 6 players
Game mode
Random Map
Map size
Normal (6 player)
Population
200
Speed
Normal
Resources
Standard
Victory
Conquest
Starting age
Dark Age
Ending age
Imperial Age
RankedLock teamsTeams togetherTeam positionsShared explorationLock speedFull tech treeHidden civsTurbo modeCheats
Victory
Defeat
🇫🇷 Goths · France
1047
+12
🇦🇷 Gurjaras · Argentina
1037
+13
🇫🇷 Britons · France
1019
+13
🇷🇴 Danes · Romania
1127
-19
🇧🇪 Saxons · Belgium
922
-11
🇧🇪 Lithuanians · Belgium
843
-8
Unknown-Ben
0:34 Loom
13:12 Feudal Age
16:07 Double-Bit Axe
18:51 Castle Age
18:07 Stone Mining
18:14 Gold Mining
19:42 Bow Saw
27:42 Wheelbarrow
27:06 Horse Collar
27:16 Treadmill Crane
30:03 Gold Shaft Mining
30:45 Hand Cart
31:58 Caravan
32:36 Heavy Plow
33:00 Ballistics
36:49 Imperial Age
35:12 Yeomen
35:06 Fortified Wall
34:49 Fletching
35:00 Padded Archer Armor
35:05 Squires
35:41 Bodkin Arrow
36:33 Leather Archer Armor
37:00 Elite Longbowman
38:02 Conscription
38:29 Ring Archer Armor
38:06 Bracer
39:21 Chemistry
40:58 Masonry
41:00 Siege Engineers
44:32 Scale Mail Armor
44:43 Forging
44:23 Arson
44:01 Pikeman
54:32 Halberdier
57:10 Iron Casting
56:50 Chain Mail Armor
63:26 Blast Furnace
62:57 Plate Mail Armor
63:55 Two-Man Saw
Azazeliums
0:36 Loom
13:39 Feudal Age
18:28 Castle Age
17:31 Forging
17:22 Scale Mail Armor
27:43 Horse Collar
29:32 Wheelbarrow
33:55 Imperial Age
31:35 Stone Mining
31:37 Gold Mining
33:42 Iron Casting
33:23 Chain Mail Armor
35:48 Chemistry
34:44 Double-Bit Axe
36:14 Bow Saw
36:55 Ballistics
39:26 Heavy Plow
38:57 Elite Chakram Thrower
46:40 Plate Mail Armor
46:13 Caravan
46:45 Conscription
53:13 Masonry
52:44 Treadmill Crane
52:54 Heated Shot
53:01 Murder Holes
53:17 Fortified Wall
60:43 Kshatriyas
cris
5:23 Loom
11:45 Feudal Age
16:22 Castle Age
14:55 Double-Bit Axe
18:22 Wheelbarrow
18:00 Bow Saw
21:49 Horse Collar
23:18 Heavy Plow
24:33 Hand Cart
24:23 Stone Mining
26:52 Town Watch
30:29 Imperial Age
28:08 Town Patrol
28:38 Scale Mail Armor
28:49 Forging
28:30 Fletching
28:35 Man-at-Arms
29:16 Squires
29:38 Masonry
29:46 Chain Mail Armor
29:50 Gold Mining
30:37 Stone Shaft Mining
30:09 Long Swordsman
32:10 Iron Casting
31:31 Bodkin Arrow
31:03 Two-Handed Swordsman
32:43 Crop Rotation
33:18 Two-Man Saw
31:48 Champion
32:16 Capped Ram
33:45 Conscription
34:48 Perfusion
35:52 Chemistry
34:48 Murder Holes
35:56 Blast Furnace
37:07 Architecture
36:58 Ballistics
36:42 Bracer
36:30 Treadmill Crane
37:17 Elite Huskarl
38:57 Onager
40:31 Anarchy
41:48 Pikeman
42:14 Halberdier
43:37 Caravan
44:07 Coinage
43:48 Guilds
46:11 Heated Shot
46:24 Padded Archer Armor
49:50 Banking
santrex.be
1:00 Loom
12:02 Feudal Age
19:39 Castle Age
18:02 Double-Bit Axe
18:12 Horse Collar
21:18 Wheelbarrow
25:08 Gold Mining
25:09 Stone Mining
27:15 Bow Saw
27:27 Heavy Plow
28:54 Hand Cart
29:30 Caravan
30:15 Forging
30:28 Fortified Wall
31:02 Ballistics
32:06 Stone Shaft Mining
31:39 Scale Barding Armor
32:10 Iron Casting
32:20 Masonry
32:46 Murder Holes
33:16 Chain Barding Armor
32:47 Fletching
33:41 Husbandry
33:51 Bloodlines
33:29 Treadmill Crane
33:47 Town Watch
37:21 Imperial Age
35:52 Bodkin Arrow
37:26 Cavalier
38:43 Hoardings
38:50 Plate Barding Armor
38:15 Bracer
38:49 Architecture
39:24 Crop Rotation
39:44 Paladin
52:46 Two-Man Saw
51:42 Heated Shot
57:50 Scale Mail Armor
57:52 Squires
57:13 Pikeman
Telepateu
5:16 Loom
11:57 Feudal Age
12:36 Double-Bit Axe
17:11 Castle Age
17:17 Horse Collar
19:58 Wheelbarrow
21:25 Bow Saw
22:12 Gold Mining
23:26 Heavy Plow
26:44 Hand Cart
27:13 Gold Shaft Mining
32:40 Imperial Age
30:27 Forging
30:17 Scale Mail Armor
32:15 Iron Casting
33:12 Chain Mail Armor
33:47 Conscription
32:50 Northmen's Fury
33:18 Onager
33:30 Onager
34:48 Siege Engineers
37:16 Blast Furnace
36:47 Plate Mail Armor
36:19 Siege Onager
39:42 Caravan
39:46 Squires
39:32 Arson
39:08 Elite Varangian Guard
41:09 Chemistry
39:49 Capped Ram
41:23 Heavy Scorpion
55:35 Pikeman
✪ GiBiG
0:34 Loom
12:29 Feudal Age
14:18 Fishing Lines
14:28 Double-Bit Axe
22:38 Castle Age
21:17 Wheelbarrow
20:32 Horse Collar
24:42 Bow Saw
25:30 Squires
25:15 Gambesons
25:44 Forging
25:36 Scale Mail Armor
25:34 Arson
26:49 Crossbowman
28:47 Thumb Ring
29:20 Gillnets
32:39 Fletching
32:50 Padded Archer Armor
35:07 Wheelbarrow
34:17 Town Watch
34:50 Bodkin Arrow
35:12 Gold Mining
35:13 Stone Mining
37:18 Gold Shaft Mining
40:06 Imperial Age
39:02 Iron Casting
38:45 Leather Archer Armor
41:02 Fortified Wall
40:50 Murder Holes
40:33 Arbalester
40:46 Elite Hearth Troop
41:41 Shield Wall
43:51 Ring Archer Armor
43:57 Iron Casting
43:37 Chain Mail Armor
43:41 Husbandry
43:51 Bloodlines
47:27 Two-Man Saw
46:44 Caravan
47:15 Coinage
46:55 Guilds
47:01 Bracer
47:32 Plate Mail Armor
47:23 Cavalier
54:01 Banking
59:20 Capped Ram
60:39 Scale Barding Armor
Connection lost

Rejoining the realm…

Still unreachable

The connection could not be restored.

Session expired

The server has moved on; the page needs a fresh start.